 Dungeon Crawl Stone Soup version 0.31-a0-765-g67fe2935dc (webtiles) character file.

Game seed: 1776672068914588217

3588 quakins the Fighter (level 9, 0/135 HPs)
             Began as an Armataur Warper on Sept 15, 2023.
             Was a Believer of the Shining One.
             Slain by a killer bee (7 damage)
             ... on level 8 of the Dungeon.
             The game lasted 00:15:27 (9825 turns).

quakins the Fighter (Armataur Warper)               Turns: 9825, Time: 00:15:27

Health: 0/135      AC: 24    Str: 20    XL:     9   Next: 85%
Magic:  11/11      EV:  1    Int: 15    God:    the Shining One [**....]
Gold:   452        SH:  0    Dex: 15    Spells: 11/11 levels left

rFire   + . .        g - +5 flail
rCold   + + .        (no shield)
rNeg    + . .        B - melded +0 scale mail
rPois   +            (helmet currently unavailable)
rElec   +            x - melded +0 cloak
rCorr   +            (gloves currently unavailable)
SInv    .            (no barding)
Will    .....        (no amulet)
Stlth   +            k - +6 ring of dexterity
HPRegen 0.42/turn    l - ring of protection from cold
MPRegen 0.12/turn

%: roll
@: lethally poisoned (0 -> -2), tree-form, resistant, glowing
A: stationary, stasis, torment immunity, boosted hp, large, rugged brown scales
3, (deformed body), (armoured tail), roll, long tongue, awkward tongue
a: Renounce Religion, Divine Shield


You were on level 8 of the Dungeon.
You worshipped the Shining One.
The Shining One was pleased with you.
You were a tree.
You visited 1 branch of the dungeon, and saw 8 of its levels.

You collected 452 gold pieces.

Inventory:

Hand Weapons
 g - a +5 flail (weapon)
 r - a +4 morningstar
Missiles
 d - 7 darts of dispersal
 f - 3 atropa-tipped darts
 v - 12 poisoned darts
Armour
 x - a +0 cloak (melded)
 B - a +0 scale mail (melded)
Jewellery
 k - a +6 ring of dexterity (left branch)
 l - a ring of protection from cold (right branch)
 m - a ring of positive energy
 n - a ring of protection from fire
 w - a ring of poison resistance
 F - the ring of Loymerph {rCorr Int+6 Stlth+}
   (You found it on level 6 of the Dungeon)

   [ring of resist corrosion]

   Int+6:     It affects your intelligence (+6).
   rCorr:     It protects you from acid and corrosion.
   Stlth+:    It makes you more stealthy.
Wands
 A - a wand of paralysis (6)
 C - a wand of flame (13)
Scrolls
 a - 2 scrolls of amnesia {unknown}
 c - a scroll of blinking
 h - a scroll of teleportation
 o - 2 scrolls of fear {unknown}
 p - 2 scrolls of vulnerability {unknown}
 q - 3 scrolls of fog {unknown}
 y - a scroll of immolation {unknown}
 z - a scroll of revelation {unknown}
 G - 2 scrolls of enchant weapon {unknown}
Potions
 b - 2 potions of magic (quivered)
 e - a potion of cancellation
 j - a potion of ambrosia {unknown}
 s - 2 potions of might
 D - a potion of brilliance {unknown}
 E - a potion of haste
 I - a potion of berserk rage {unknown}


   Skills:
 - Level 10.0 Fighting
 + Level 8.2 Maces & Flails
 - Level 0.8 Throwing
 - Level 4.0 Armour
 - Level 1.3 Dodging
 - Level 1.7 Spellcasting
 - Level 3.0 Translocations


You had 11 spell levels left.
You didn't know any spells.
Your spell library contained the following spells:

 Spells                   Type           Power      Damage    Failure   Level
 Blink                    Tloc           20%        N/A       10%         2
 Lesser Beckoning         Tloc           20%        N/A       10%         2
 Teleport Other           Tloc           10%        N/A       21%         3
 Manifold Assault         Tloc           10%        N/A       54%         4
 Hailstorm                Conj/Ice       1%         3d3       56%         3
 Vhi's Electric Charge    Tloc/Air       10%        N/A       77%         4
 Summon Ice Beast         Ice/Summ       1%         N/A       92%         4
 Simulacrum               Ice/Necr       0%         N/A       100%        6


Dungeon Overview and Level Annotations

Branches:
Dungeon (8/15)             Temple (0/1) D:5
   Lair: D:8-11

Altars:
Ashenzari
Dithmenos
Gozag
Makhleb
Qazlal
Ru
Trog
Vehumet
Xom
The Shining One


Innate Abilities, Weirdness & Mutations

You are a tree.
Your roots penetrate the ground, keeping you stationary.
You cannot be teleported.
You are immune to unholy pain and torment.
Your maximum health is greatly increased.
Your equipment is partially melded.
(You are completely covered in rugged brown scales. (AC +3, +7% HP))
((Armour fits poorly on your strangely shaped body.))
((You have a long armoured tail.))
You roll when moving toward enemies. (Rampage)
Your long tongue fully drains potion bottles. (2x potion effects)
Your tongue gives you trouble enunciating. (1.5x scroll delay)


Message History

You hit the killer bee.
The killer bee is lightly wounded.
You feel sick. The killer bee stings you. x2
You thump the killer bee!
The killer bee is severely wounded.
You feel sick. The killer bee barely misses you. The killer bee stings you.
* * * LOW HITPOINT WARNING * * *
You are more poisoned.
The killer bee poisons you!
You sock the killer bee!
You kill the killer bee!
You feel very sick.
You turn into a tree.
Your +0 cloak melds into your body.
Your +0 scale mail melds into your body.
Your roots penetrate the ground.
You slurp down every last drop of the potion of lignification!
You feel sick.
The killer bee stings you but does no damage. x2
You closely miss the killer bee.
You feel sick.
The killer bee stings you but does no damage.
The killer bee stings you.
* * * LOW HITPOINT WARNING * * *
You hit the killer bee.
The killer bee is moderately wounded.
You feel sick. The killer bee stings you.
* * * LOW HITPOINT WARNING * * *
The killer bee stings you but does no damage.
You closely miss the killer bee.
The killer bee is moderately wounded.
You feel sick. The killer bee stings you.
* * * LOW HITPOINT WARNING * * *
The killer bee stings you.
* * * LOW HITPOINT WARNING * * *
It was a potion of resistance.
You feel protected.
You slurp down every last drop of the potion of resistance!
You feel sick.
The killer bee stings you but does no damage.
The killer bee stings you!
You die...

#........# #.................
###'############..............
#.# #.))....................
######.###.########..............
<.......##†##### #..............
#####...##>....# #..............
#...##.###.# #..............
###...#......####..............
#.....).......♣yyy.............
#.####......#####..............
#.# #.####.##.................
#.####'####..#.##..............
#..........#....#..............
###............................
#..........###......y........
#..........# ##..............
#..........# #...§..........


You could see 3 killer bees.

Vanquished Creatures
  Eustachio (D:4)
  6 yaks (D:8)
  2 ice beasts
  A sky beast (D:7)
  2 black bears (D:7)
  An ogre (D:6)
  3 scorpions
  13 wights
  7 killer bees
  A howler monkey (D:6)
  A crimson imp (D:3)
  4 jellies
  2 gnoll boudas
  2 orc priests
  2 hounds (D:5)
  Jessica (D:3)
  An iguana (D:5)
  4 orc wizards
  A sleepcap (D:6)
  Robin (D:4)
  11 gnolls
  6 adders
  5 worms
  2 dart slugs (D:1)
  29 orcs
  A ball python (D:2)
  6 bats
  16 endoplasms
  3 giant cockroaches
  8 goblins
  10 hobgoblins
  4 jackals (D:2)
  4 quokkas
  14 kobolds
  5 rats
180 creatures vanquished.

Notes
Turn   | Place    | Note
-------+----------+-------------------------------------------
     0 | D:1      | quakins the Armataur Warper began the quest for the Orb.
     0 | D:1      | Reached XP level 1. HP: 18/18 MP: 3/3
   409 | D:1      | Reached XP level 2. HP: 17/25 MP: 4/4
   850 | D:1      | You fall into a shaft and drop 1 floor!
   916 | D:2      | Reached XP level 3. HP: 10/31 MP: 5/5
  2174 | D:3      | Found a sacrificial altar of Ru.
  2209 | D:3      | Noticed Jessica
  2255 | D:3      | Killed Jessica
  2256 | D:3      | Reached XP level 4. HP: 38/38 MP: 6/6
  2721 | D:3      | Reached XP level 5. HP: 34/43 MP: 7/7
  3028 | D:3      | Reached skill level 5 in Maces & Flails
  3280 | D:3      | Found a radiant altar of Vehumet.
  3326 | D:3      | Found a shimmering altar of Xom.
  3326 | D:3      | Found a burning altar of Makhleb.
  3341 | D:3      | Reached XP level 6. HP: 21/51 MP: 8/8
  3747 | D:3      | Reached skill level 2 in Fighting
  4035 | D:4      | Reached skill level 3 in Fighting
  4318 | D:4      | Noticed Robin
  4367 | D:4      | Killed Robin
  4549 | D:4      | Noticed Eustachio
  4665 | D:4      | Killed Eustachio
  4666 | D:4      | Reached skill level 4 in Fighting
  4666 | D:4      | Reached XP level 7. HP: 33/64 MP: 9/9
  5127 | D:5      | Entered Level 5 of the Dungeon
  5201 | D:5      | Found a shadowy altar of Dithmenos.
  5307 | D:5      | Found a stormy altar of Qazlal.
  5412 | D:5      | Found a glowing golden altar of the Shining One.
  5502 | D:5      | Became a worshipper of the Shining One
  5670 | D:5      | Reached skill level 5 in Fighting
  5788 | D:5      | Found a staircase to the Ecumenical Temple.
  5873 | D:5      | Identified the +0 robe "Apnyck" {rElec Archmagi}
  6163 | D:5      | Reached skill level 6 in Fighting
  6293 | D:6      | Reached XP level 8. HP: 11/75 MP: 10/10
  6533 | D:6      | Reached skill level 7 in Fighting
  6732 | D:6      | Identified the ring of Loymerph {rCorr Int+6 Stlth+}
  6894 | D:6      | Found a broken altar of Ashenzari.
  7457 | D:7      | Reached skill level 8 in Fighting
  7571 | D:7      | Reached * piety under the Shining One
  7658 | D:8      | Reached skill level 9 in Fighting
  7666 | D:8      | Reached XP level 9. HP: 17/88 MP: 11/11
  8252 | D:7      | Reached skill level 10 in Fighting
  8635 | D:8      | Found a bloodstained altar of Trog.
  8635 | D:8      | Found an opulent altar of Gozag.
  9774 | D:8      | Reached ** piety under the Shining One
  9825 | D:8      | Slain by a killer bee

Illustrated notes

Levels and vault maps discovered:
D:1:      elethiomel_arrival_infinity_welcomes_careful_drivers, layout_basic,
          serial_co_window_serial, co_window_paths_a, co_window_paths_a,
          co_window_corner_a, co_window_of_opportunity_a, co_window_paths_a,
          co_window_corner_a, co_window_paths_a, co_window_2corner,
          co_window_corner_cb, co_window_cross_3, co_window_corner_ca,
          co_window_paths_c, co_window_corner_b, co_window_paths_d
D:2:      layout_loops_ring
D:3:      cheibrodos_fertilizer, layout_basic,
          grunt_temple_overflow_champion_of_chaos,
          mainiacjoe_overflow_cross_hatched, vehumet_crystals, uniq_jessica
D:4:      layout_gridville, kennysheep_generic_room_4, uniq_robin,
          uniq_eustachio
D:5:      layout_loops_ring, lemuel_coloured_pillars_altar,
          mainiacjoe_overflow_six_doors_small,
          grunt_dithmenos_smoke_and_mirrors, minmay_temple_entry_fiery
D:6:      layout_rooms, cheibrodos_ashenzari_chains
D:7:      layout_basic, minmay_gold_behind_fungi, minmay_misc_feat_pillars
D:8:      wad_statue_garden, layout_basic, nicolae_gozag_seed_capital,
          mainiacjoe_overflow_boulevard, lair_entry_dummy

Skill      XL: |  1  2  3  4  5  6  7  8  9 |
---------------+----------------------------+-----
Maces & Flails | 2 3 4 6 8 |  8.2
Fighting       | 4 6 9 10 | 10.0
Armour         | 4 |  4.0
Throwing       | |  0.8
Dodging        | |  1.3
Spellcasting   | |  1.7
Translocations | |  3.0

Action                     |  1- 3 |  4- 6 |  7- 9 || total
---------------------------+-------+-------+-------++-------
  Melee: Mace              |   121 |       |       ||   121
         Tailslap          |    14 |    28 |    48 ||    90
         Flail             |    18 |   215 |   310 ||   543
         Punch             |     1 |     4 |     5 ||    10
  Throw: Dart              |     3 |     4 |       ||     7
  Evoke: Wand              |       |       |     3 ||     3
    Use: Potion            |     1 |     1 |     3 ||     5
         Scroll            |       |     2 |     4 ||     6
 Armour: Leather armour    |    33 |       |       ||    33
         Ring mail         |    74 |   178 |    31 ||   283
         Skin              |     3 |   127 |    10 ||   140
         Scale mail        |       |       |   255 ||   255
  Dodge: Dodged            |    71 |    90 |   124 ||   285

Table legend: (Time is in decaauts)
 A = Elapsed time spent in this place.
 B = Non-inter-level travel time spent in this place.
 C = Inter-level travel time spent in this place.
 D = Time resting spent in this place.
 E = Time spent auto-exploring this place.
 F = Levels seen in this place.
 G = Mean time per level.
                   A        B        C        D        E       F      G
               +--------+--------+--------+--------+--------+-----+--------+
         Total |   9894 |   9248 |    646 |   2415 |   4923 |   8 | 1236.8 |
       Dungeon |   9894 |   9248 |    646 |   2415 |   4923 |   8 | 1236.8 |
               +--------+--------+--------+--------+--------+-----+--------+

Top non-repeatable levels by time:
     D:3: 1654 daAuts
     D:7: 1534 daAuts
     D:1: 1370 daAuts
     D:8: 1239 daAuts
     D:2: 1103 daAuts
     D:5: 1078 daAuts
     D:4: 1058 daAuts
     D:6: 855 daAuts
